 Dungeon Crawl Stone Soup version 0.19-a0-49-gb8736b8 (webtiles) character file.

10 M4edhros the Grave Robber (level 2, -4/17 HPs)
             Began as an Octopode Necromancer on May 6, 2016.
             Slain by an ooze (5 damage)
             ... on level 1 of the Dungeon.
             The game lasted 00:00:35 (128 turns).

M4edhros the Grave Robber (Octopode Necromancer)     Turns: 128, Time: 00:00:36

Health: -4/17      AC:  1    Str:  7    XL:     2   Next: 20%
Magic:  4/5        EV: 12    Int: 17    God:
Gold:   9          SH:  0    Dex: 12    Spells: 1 memorised, 4 levels left

rFire  . . .     SeeInvis .       - Unarmed
rCold  . . .     Gourm    .     (no shield)
rNeg   . . .     Faith    .     (helmet restricted)
rPois  .         Spirit   .     (no amulet)
rElec  .         Dismiss  .     (no ring)
rCorr  .         Reflect  .     (no ring)
SustAt .         Harm     .     (no ring)
MR     .....                    (no ring)
Stlth  +++.......               (no ring)
                                (no ring)
                                (no ring)
                                (no ring)

@: not resistant to hostile enchantments, fairly stealthy
A: almost no armour, amphibious, 8 rings, constrict 8, camouflage 1, gelatinous
body 1
a: no special abilities


You were on level 1 of the Dungeon.
You were not hungry.

You visited 1 branch of the dungeon, and saw 1 of its levels.

You collected 9 gold pieces.

Inventory:

Scrolls
 d - a scroll of fear {unknown}
Potions
 c - a potion of haste {unknown}
Books
 a - a book of Necromancy

   Spells                             Type                      Level
   a - Pain                           Necromancy                   1
   b - Animate Skeleton               Necromancy                   1
   c - Vampiric Draining              Necromancy                   3
   d - Regeneration                   Charms/Necromancy            3
   e - Animate Dead                   Necromancy                   4
   f - Control Undead                 Necromancy                   4
Comestibles
 b - a bread ration
 f - 4 chunks of flesh


   Skills:
 - Level 2.0 Dodging
 - Level 2.6 Stealth
 + Level 1.8 Unarmed Combat
 - Level 2.0 Spellcasting
 - Level 4.0 Necromancy


You had 4 spell levels left.
You knew the following spells:

 Your Spells              Type           Power        Failure   Level  Hunger
a - Pain                  Necr           ###.         3%          1    #......


Dungeon Overview and Level Annotations

Branches:
Dungeon (1/15)

Altars:


Innate Abilities, Weirdness & Mutations

You cannot wear most types of armour.
You are amphibious.
You can wear up to eight rings at the same time.
You can use your tentacles to constrict eight enemies at once.
Your skin changes colour to match your surroundings (Stealth).
Your rubbery body absorbs attacks (AC +1).


Message History

Casting: Pain
Confirm with . or Enter, or press ? or * to list all spells.
You can't see any susceptible monsters within range! (Use Z to cast anyway.)
A giant newt comes into view.
You closely miss the giant newt. Your grab misses the giant newt.
The giant newt bites you but does no damage.
You tentacle-slap the giant newt. You grab the giant newt.
The giant newt is heavily wounded.
You constrict the giant newt.
You kill the giant newt!
There is a stone staircase leading down here.
There is a stone staircase leading down here.
You barely miss the ooze. You tentacle-slap the ooze. You squeeze the ooze.
The ooze is severely wounded.
The ooze hits you.
* * * LOW HITPOINT WARNING * * *
You tentacle-slap the ooze but do no damage.
The ooze is severely wounded.
The ooze hits you.
You die...
P.
P.P P. ..P P.PPP.P

#
....P##.##########
PPPPP##...........
#.###.#.#
####.#.#####
#.....#.# #.#.#
#J#.# #.#.#
########@#.## #.#..
............# #.###
..#####.###.#####.#
#.......# #...)...#
#.#####.# #.#######
#.....# .##.### ##
#. #.# . #. # # # #


You could see an ooze.

Vanquished Creatures
  An ooze (D:1)
  A dart slug (D:1)
  A hobgoblin (D:1)
  A giant newt (D:1)
  A rat (D:1)
5 creatures vanquished.

Notes
Turn   | Place    | Note
--------------------------------------------------------------
     0 | D:1      | M4edhros the Octopode Necromancer began the quest for the Orb.
     0 | D:1      | Reached XP level 1. HP: 11/11 MP: 3/3
    34 | D:1      | Reached skill level 1 in Unarmed Combat
    79 | D:1      | Reached XP level 2. HP: 5/17 MP: 0/5
   128 | D:1      | Slain by an ooze

Vault maps used:
D:1:      scummos_arrival_simple_crosswalls, minmay_hedge_maze

Skill      XL: |  1 |
---------------+----+-----
Unarmed Combat | 1 |  1.8
Dodging        | |  2.0
Stealth        | |  2.6
Spellcasting   | |  2.0
Necromancy     | |  4.0

Action                   || total
-------------------------++-------
Melee: Unarmed           ||    17
       Constrict         ||     4
       Tentacles         ||     4
       Punch             ||     1
 Cast: Pain              ||     3
Armor: Skin              ||     1
Dodge: Dodged            ||     6
